[Event "*** Titled Tuesday Blitz"]
[Site "Chess.com"]
[Date "2018.12.04"]
[Round "2"]
[White "NeverEverForever1990"]
[Black "Jooonaaas1996"]
[Result "1-0"]
[WhiteElo "2421"]
[BlackElo "2274"]
[TimeControl "180+2"]
[EndTime "13:22:34 PST"]
[Termination "NeverEverForever1990 won by resignation"]

1. Nf3 d5 2. d4 Nf6 3. Bf4 c5 4. e3 Nc6 5. Nbd2 e6 6. c3 Bd6 7.
Bg3 O-O 8. Bb5 Be7 9. Ba4 Bd7 10. h3 Rc8 11. O-O a6 12. Bc2 Be8 13. dxc5 Bxc5 14.
e4 dxe4 15. Nxe4 Nxe4 16. Bxe4 Qxd1 17. Raxd1 f5 18. Bc2 Bh5 19. Bb3 Rce8 20. Rde1 Bf7 21. Ng5 h6 22. Nxe6 Bxe6 23. Rxe6 Rxe6 24. Bxe6+ Kh7 25.
Bf4 g5 26. Be3 Bxe3 27. fxe3 Kg6 28. g4 Ne7 29. Bxf5+ Nxf5 30. gxf5+ Kf6 31. Rd1 Re8 32. Kf2 Kxf5 33. Rd7 b5 34. Rd5+ Ke4 35. Rd4+ Ke5 36. h4 Rf8+ 37. Kg2 Re8 38. hxg5 hxg5 39. a4 Rb8 40. Rb4 Rd8 41. axb5 axb5 42. Kf3 g4+ 43. Rxg4 Rd2 44. Rb4 Kd5 45. Rxb5+ Kc4 46. Rb4+ Kc5 47. e4 Rd3+ 48. Kf4 Rd1 49. Ke5 Rh1 50. Rd4 Rh5+ 51. Kf4 Rh4+ 52. Ke3 Rh3+ 53. Kd2 Rh2+ 54. Kd3 Rh3+ 55.
Kc2 Rh2+ 56. Rd2 Rh4 57. e5 Re4 58. b4+ Kc6 59. Rd6+ Kc7 60. Rd5 Kc6 61. Rc5+ Kb6 62. Kb3 Re3 63. Rd5 Kc6 64. Rd6+ Kc7 65. Re6 Kd7 66.
Rh6 Rxe5 67. c4 Kc7 68. b5 Kb7 69. Kb4 Re1 70. Rh7+ Kb8 71. Ka5 Rg1 72. c5 Rg6 73. c6 Ka8 74. Rh8+ 1-0

[Event "*** Titled Tuesday Blitz"]
[Site "Chess.com"]
[Date "2018.12.04"]
[Round "2"]
[White "ST-Sandavagur"]
[Black "GreatDamnedRedSpot"]
[Result "1-0"]
[WhiteElo "2480"]
[BlackElo "2316"]
[TimeControl "180+2"]
[EndTime "13:22:37 PST"]
[Termination "ST-Sandavagur won by resignation"]

1. e4 e6 2. d4 d5 3. Nd2 dxe4 4. Nxe4 Bd7 5. Nf3 Bc6 6. Bd3 Nd7 7. O-O Ngf6 8. Ng3 Be7 9. Qe2 Bxf3 10. Qxf3 c6 11.
c4 O-O 12. b3 a5 13. Bb2 a4 14.
Rfe1 Re8 15. Bc2 Qb6 16. Bc3 axb3 17. axb3 Bb4 18. c5 Rxa1 19. Rxa1 Qb5 20. Bd3 Bxc3 21. Bxb5 Bxa1 22. Qd1 Bc3 23. Qd3 Bb4 24. Bc4 Rd8 25.
Qf3 Nf8 26. Qf4 Ba5 27. h3 Ng6 28. Qe3 Ne7 29. Ne4 Nf5 30. Nxf6+ gxf6 31. Qf4 Rxd4 32. Qb8+ Kg7 33. Qxb7 Rd1+ 34. Kh2 Be1 35. Bxe6 Nh6 36. Bg4 Rd2 37. Qxc6 f5 38. Bf3 Bxf2 39. Qc7 Rc2 40. c6 Rc1 41. Qf4 Rc3 42. Qe5+ 1-0

[Event "*** Titled Tuesday Blitz"]
[Site "Chess.com"]
[Date "2018.12.04"]
[Round "2"]
[White "RitvarsReimanis"]
[Black "ddtru"]
[Result "1-0"]
[WhiteElo "2603"]
[BlackElo "2333"]
[TimeControl "180+2"]
[EndTime "13:22:40 PST"]
[Termination "RitvarsReimanis won by checkmate"]

1. d4 d5 2. c4 c6 3. Nf3 Nf6 4.
e3 Bg4 5. h3 Bxf3 6. Qxf3 e6 7.
Nc3 Nbd7 8. Bd2 Bd6 9. g4 h6 10. h4 Qe7 11. g5 hxg5 12. hxg5 Nh7 13. g6 fxg6 14. Qg4 O-O-O 15. Qxg6 Ng5 16. Rxh8 Rxh8 17. O-O-O Qf6 18. Qc2 Qxf2 19. cxd5 exd5 20. Nxd5 Nf3 21. Nc3 Nxd2 22. Qxd2 Qxd2+ 23. Kxd2 Rh2+ 24. Be2 Rg2 25.
Rf1 Nf6 26. Kd3 Kd7 27. a3 Ke7 28. b4 a6 29. Bf3 Rh2 30. e4 Nh5 31. e5 Bc7 32. Rg1 Nf4+ 33. Ke3 Ne6 34. Bg4 Bb6 35.
Bxe6 Kxe6 36. Rg6+ Kf5 37. Rxg7 Rh3+ 38. Kd2 Bxd4 39.
Nd1 Bxe5 40. Rxb7 Rxa3 41. Rb6 Rb3 42. Ne3+ Ke4 43. Nc2 Bf4+ 44. Ke2 Rb2 45. Rxc6 Kd5 46. Rc8 Bd6 47. Kd3 Bxb4 48. Ne3+ Ke6 49. Rc6+ Kd7 50. Rxa6 Rb3+ 51. Ke4 Bc5 52. Nc4 Rb4 53. Kd5 Bf2 54. Rf6 Bg1 55. Rf7+ Ke8 56. Nd6+ Kd8 57. Ke6 Bc5 58.
Rd7# 1-0

[Event "*** Titled Tuesday Blitz"]
[Site "Chess.com"]
[Date "2018.12.04"]
[Round "2"]
[White "jncool68"]
[Black "Alexander_Moskalenko"]
[Result "1-0"]
[WhiteElo "2640"]
[BlackElo "2838"]
[TimeControl "180+2"]
[EndTime "13:22:42 PST"]
[Termination "jncool68 won by resignation"]

1. e4 d6 2. d4 Nf6 3. Nc3 e5 4. Nf3 Nbd7 5. Bc4 Be7 6. a4 O-O 7. O-O a6 8. h3 b6 9. Qe2 Bb7 10.
Rd1 exd4 11. Nxd4 Re8 12. Ba2 Bf8 13. Bg5 h6 14. Bh4 Ne5 15. Nd5 g5 16. Bg3 Nxd5 17. exd5 Qf6 18. Bxe5 Rxe5 19. Qc4 Re7 20. Nc6 Bxc6 21.
dxc6 a5 22. Rd3 Qxb2 23. Rf1 Bg7 24. Rf3 Rf8 25. Bb3 Qd4 26. Qb5 Kh8 27. Qf5 Re5 28. Qd7 f5 29. Qxc7 Rfe8 30. Qf7 g4 31. Rxf5 Re1 32.
Rxe1 Rxe1+ 33. Kh2 g3+ 34. Kxg3 Be5+ 35. Rxe5 Qxe5+ 36. f4 Re3+ 37. Kh4 Qe7+ 38. Qxe7 Rxe7 39. g4 Kg7 40.
Kh5 Re3 41. h4 Rc3 42. g5 hxg5 43. hxg5 Rxc6 44. f5 Rc5 45. f6+ Kf8 46. Kh6 Rc3 47. g6 Rh3+ 48. Kg5 Rg3+ 49. Kf5 Rf3+ 50. Ke6 Re3+ 51. Kxd6 Rxb3 52. cxb3 1-0

[Event "*** Titled Tuesday Blitz"]
[Site "Chess.com"]
[Date "2018.12.04"]
[Round "2"]
[White "ChainsOfFantasia"]
[Black "StephenDedalus83"]
[Result "1/2-1/2"]
[WhiteElo "2366"]
[BlackElo "2726"]
[TimeControl "180+2"]
[EndTime "13:22:43 PST"]
[Termination "Game drawn by repetition"]

1. d4 Nf6 2. c4 g6 3. Nf3 Bg7 4. g3 O-O 5. Bg2 d5 6. O-O dxc4 7. Na3 c3 8. bxc3 c5 9. Re1 Nc6 10. e3 Qa5 11. Bb2 Rd8 12. Qc1 Bf5 13. Nc4 Qa6 14.
Bf1 Qa4 15. dxc5 Bd3 16. Bxd3 Rxd3 17. Nce5 Nxe5 18. Nxe5 Rd5 19. c4 Rxc5 20. Bd4 Rc7 21.
Qb2 b6 22. Rac1 Rac8 23. Qb3 Qe8 24. Red1 Ne4 25. Qb1 Nd6 26. Qa1 f6 27. Nd3 Nxc4 28.
a4 e5 29. Bc3 Bf8 30. Bb4 e4 31. Bxf8 exd3 32. Bh6 Ne5 33. Rxc7 Rxc7 34. Bf4 Rd7 35. Qc3 Nf3+ 36. Kg2 Qe4 37. Qc8+ Kf7 38. Qxd7+ Kg8 39. Qd8+ Kg7 40. Qd7+ Kg8 41. Qc8+ Kg7 42. Qc7+ Kg8 43.
Qb8+ Kg7 44. Qxa7+ Kg8 45. Qb8+ Kg7 46. Qc7+ Kg8 47.
Qd8+ Kg7 48. Qd7+ Kg8 49. Qc8+ Kg7 50. Qc7+ Kg8 51. Qd8+ Kg7 52. Qd7+ Kg8 53. Qd8+ Kg7 54. Qd7+ Kg8 55. Qd8+ Kg7 56. Qd7+ Kg8 1/2-1/2

[Event "*** Titled Tuesday Blitz"]
[Site "Chess.com"]
[Date "2018.12.04"]
[Round "2"]
[White "vovachesss"]
[Black "jerom555888"]
[Result "1-0"]
[WhiteElo "2496"]
[BlackElo "2685"]
[TimeControl "180+2"]
[EndTime "13:22:46 PST"]
[Termination "vovachesss won on time"]

1. e4 a6 2. d4 e6 3. Nf3 d5 4. Nc3 Bb4 5. exd5 exd5 6. Bd3 Ne7 7. O-O Nbc6 8. Bf4 O-O 9. h3 Bxc3 10. bxc3 Bf5 11. Re1 h6 12. a4 Qd7 13. a5 Rac8 14. Qd2 Rfe8 15. Reb1 Rb8 16. c4 Bxd3 17. Qxd3 dxc4 18.
Qxc4 Nd5 19. Bg3 Re4 20. Qd3 f5 21. c4 Nf6 22. d5 f4 23. Bh4 g5 24. Qc3 Nh7 25.
dxc6 Qxc6 26. Rd1 Rbe8 27. Bxg5 hxg5 28. Nh2 Qxc4 29. Qb2 Qb5 30. Qa2+ Qc4 31. Qb2 Qc6 32. Ng4 Qe6 33. Qxb7 Rc4 34. Qb3 Rc5 35. Qb4 Rb5 36.
Qc3 1-0

[Event "*** Titled Tuesday Blitz"]
[Site "Chess.com"]
[Date "2018.12.04"]
[Round "2"]
[White "cool4chess"]
[Black "Quiet_Desperation"]
[Result "0-1"]
[WhiteElo "2248"]
[BlackElo "2152"]
[TimeControl "180+2"]
[EndTime "13:22:46 PST"]
[Termination "Quiet_Desperation won by checkmate"]

1. e4 Nc6 2. Nf3 d6 3. d4 Nf6 4. Nc3 d5 5. e5 Ne4 6. Bd3 Bf5 7. O-O e6 8. Ne2 Be7 9. c3 O-O 10. Qc2 Rc8 11. Nd2 Nxd2 12. Bxd2 Bg6 13. Nf4 Na5 14.
Nxg6 fxg6 15. Be2 b6 16. Bg4 Qd7 17. Qd3 c5 18. Qh3 Rf5 19. Bxf5 gxf5 20. dxc5 bxc5 21.
b3 c4 22. Be3 Nc6 23. f4 Na5 24. Rfd1 cxb3 25. axb3 Nxb3 26. Rxa7 Qd8 27. Rb1 d4 28. cxd4 Nxd4 29. Rbb7 Ne2+ 30. Kf2 Rc2 31. Rxe7 Nxf4+ 32. Kg3 Nxh3 33. Rxg7+ Kf8 34. Rxh7 f4+ 35. Kxh3 Kg8 36.
Rag7+ Kf8 37. Bxf4 Qd3+ 38. Kh4 Rxg2 39. Ra7 Qe4 40.
Rh8+ Rg8 41. Rxg8+ Kxg8 42. Kg3 Qe1+ 43. Kg4 Qg1+ 44.
Bg3 Qxa7 45. h4 Qf7 46. h5 Qf5+ 47. Kh4 Kh7 48. h6 Kxh6 49. Bf2 Qxe5 50. Kg4 Qf5+ 51. Kg3 e5 52. Be3+ Kh5 53. Kg2 Kg4 54. Kg1 Qf3 55.
Bf4 Kh3 56. Bh2 Qg2# 0-1

[Event "*** Titled Tuesday Blitz"]
[Site "Chess.com"]
[Date "2018.12.04"]
[Round "2"]
[White "arctic_t00"]
[Black "ChristopherYoo"]
[Result "0-1"]
[WhiteElo "2393"]
[BlackElo "2415"]
[TimeControl "180+2"]
[EndTime "13:22:47 PST"]
[Termination "ChristopherYoo won by resignation"]

1. d4 Nf6 2. Nf3 g6 3. c4 Bg7 4. Nc3 d5 5. cxd5 Nxd5 6. Qb3 Nb6 7. e4 O-O 8. Be3 Bg4 9. a4 a5 10. d5 Bxf3 11. gxf3 N8d7 12. h4 c5 13. dxc6 bxc6 14. h5 Rb8 15. Qc2 Ne5 16. Be2 Nbc4 17. Bc1 Qd4 18.
f4 Nd7 19. Rh3 Nc5 20. Nd1 Rb4 21. Rc3 Nxb2 22. Bxb2 Rxb2 23. Qxb2 Nxa4 24. Rxa4 Qxa4 25. Ra3 Qxd1+ 26. Kxd1 Bxb2 27. Rxa5 Bd4 28. Ra6 c5 29.
f3 gxh5 30. f5 h4 31. Rh6 Bf2 32. e5 Rd8+ 33. Kc2 Be3 34. Rxh4 Rd2+ 35. Kc3 Rxe2 36. Rg4+ Kf8 37. Kd3 Re1 38. f6 exf6 39. exf6 Bd4 40. Rh4 Re3+ 41. Kc4 Rxf3 42. Rxh7 Rxf6 0-1

[Event "*** Titled Tuesday Blitz"]
[Site "Chess.com"]
[Date "2018.12.04"]
[Round "2"]
[White "TheMagician"]
[Black "m3alam"]
[Result "1-0"]
[WhiteElo "2251"]
[BlackElo "2180"]
[TimeControl "180+2"]
[EndTime "13:22:49 PST"]
[Termination "TheMagician won by resignation"]

1. d4 g6 2. Nf3 Bg7 3. g3 Nf6 4. Bg2 O-O 5. O-O d6 6. c4 Nc6 7. Nc3 a6 8. h3 Rb8 9. Be3 Bd7 10.
Rc1 b5 11. cxb5 axb5 12. d5 Na5 13. b3 b4 14. Na4 Bxa4 15. bxa4 Ne4 16. Bd4 Nc3 17.
Bxc3 bxc3 18. Nd4 Rb4 19. e3 Bxd4 20. exd4 Rc4 21. Qd3 Rxa4 22. Qxc3 Rxa2 23. Qxc7 Qxc7 24. Rxc7 Rb8 25. Rxe7 Rb4 26. Rd1 Rbb2 27. Ra7 Rxf2 28. Bf1 Nb3 29. Rd7 Rfd2 30. Rxd2 Nxd2 31. Bg2 Ra6 32.
g4 Nb3 33. Bf1 Rb6 34. Kf2 Nxd4 35. Ke3 Nb3 36. Bd3 Nc5 37. Bc4 Kg7 38. Rc7 Kf6 39. Rc6 Rxc6 40. dxc6 Ke7 41. Bxf7 Na6 42. Bg8 h6 43. h4 Nc7 44. Kd4 Kf6 45. Bd5 h5 46. g5+ Kf5 47. Bf3 Kf4 48. Bxh5 gxh5 49. g6 Kf5 50. g7 Ne6+ 51. Kc3 Nxg7 52. c7 Kg4 53. c8=Q+ Kxh4 54. Qd8+ Kh3 55. Qf6 1-0

[Event "*** Titled Tuesday Blitz"]
[Site "Chess.com"]
[Date "2018.12.04"]
[Round "2"]
[White "Kimster98"]
[Black "VladimirBelous"]
[Result "0-1"]
[WhiteElo "2566"]
[BlackElo "2739"]
[TimeControl "180+2"]
[EndTime "13:22:50 PST"]
[Termination "VladimirBelous won by resignation"]

1. d4 c5 2. d5 g6 3. c4 Bg7 4.
e4 d6 5. h3 e6 6. Bd3 Ne7 7.
Nc3 O-O 8. Nf3 exd5 9. exd5 Nd7 10. O-O Ne5 11. Nxe5 Bxe5 12. Bh6 Re8 13. Bg5 a6 14. Ne4 Kg7 15. Qd2 Qb6 16. Bh6+ Kh8 17. Bg5 Ng8 18.
Rab1 Bf5 19. Rfe1 Kg7 20. g4 Bxe4 21. Bxe4 h6 22. Bf4 Bxf4 23. Qxf4 Re5 24. Bd3 Rae8 25. Rxe5 Rxe5 26. Qd2 Nf6 27. f4 Re7 28. Qc3 Qb4 29. Qxb4 cxb4 30. Kf2 Ne4+ 31. Kg2 Nc5 32. Rd1 g5 33. Kf3 a5 34. fxg5 hxg5 35. Bf5 a4 36.
h4 gxh4 37. Rh1 Kf6 38. Rxh4 Re1 39. Rh6+ Ke7 40. g5 Rf1+ 41. Kg4 Rg1+ 42. Kf4 Rg2 43. Rh7 Kf8 44. Rh8+ Kg7 45. Rh6 Rxb2 46. Rxd6 Rxa2 47. g6 Rf2+ 48. Kg4 a3 49. Rd8 a2 50. gxf7 Kxf7 51. Ra8 Na6 52. Ra7 a1=Q 53. Rxb7+ Kf8 0-1

[Event "*** Titled Tuesday Blitz"]
[Site "Chess.com"]
[Date "2018.12.04"]
[Round "2"]
[White "Yurovskykh_Oleksandr"]
[Black "Ravan_02"]
[Result "1-0"]
[WhiteElo "2500"]
[BlackElo "2493"]
[TimeControl "180+2"]
[EndTime "13:22:50 PST"]
[Termination "Yurovskykh_Oleksandr won by resignation"]

1. d4 Nf6 2. Bg5 g6 3. Bxf6 exf6 4. e3 Bg7 5. c4 f5 6. Nc3 d6 7. g3 O-O 8. Bg2 c6 9. Nge2 Nd7 10.
O-O h5 11. h4 Nf6 12. Nf4 Ng4 13.
Bf3 Re8 14. Kg2 Bh6 15. Qd2 Bd7 16. Rab1 Qf6 17. b4 Rad8 18. b5 Bf8 19. bxc6 bxc6 20. Rb7 Bc8 21. Rxa7 Ne5 22. Be2 Ng4 23. Ra8 Bh6 24.
a4 Qe7 25. a5 Bb7 26. Rxd8 Rxd8 27. Ra1 c5+ 28. d5 Ba6 29. Rb1 Ne5 30. Qa2 Ra8 31.
Rb6 Bg7 32. Qb3 Qc7 33. Nb5 Bxb5 34. Qxb5 Bf6 35. a6 Qd8 36. a7 Rxa7 37. Rb8 Kg7 38.
Rxd8 Bxd8 39. Qb8 Rd7 40. Ne6+ fxe6 41. dxe6 Bc7 42. Qe8 1-0

[Event "*** Titled Tuesday Blitz"]
[Site "Chess.com"]
[Date "2018.12.04"]
[Round "2"]
[White "DSCC1"]
[Black "PowerThinking2650"]
[Result "0-1"]
[WhiteElo "2179"]
[BlackElo "2259"]
[TimeControl "180+2"]
[EndTime "13:22:51 PST"]
[Termination "PowerThinking2650 won on time"]

1. Nf3 Nf6 2. c4 g6 3. Nc3 Bg7 4. e3 d6 5. Be2 e5 6. O-O O-O 7. d4 Nbd7 8. Qc2 Re8 9. Rb1 e4 10. Nd2 Qe7 11. b4 Nf8 12. Nd5 Nxd5 13. cxd5 Bf5 14.
a4 h5 15. b5 Nh7 16. a5 Rac8 17. Ba3 Qh4 18. Qb3 b6 19. Rfc1 Nf6 20. Rc2 Ng4 21. Bxg4 hxg4 22. Rbc1 Qe7 23. axb6 axb6 24. Rc6 g3 25.
hxg3 Bg4 26. Qc3 Qg5 27. Rxc7 Rcd8 28. Qc4 Bf6 29. Rc6 Kg7 30. Rxd6 Ra8 31. Bb4 Qh5 32.
Rxf6 Kxf6 33. Bd6 Rac8 34. Be5+ Kg5 35. Bc7 f5 36. Bf4+ Kf6 37. Be5+ Kf7 38. Bc7 Rh8 39. f3 exf3 40. d6+ Kg7 41. Nxf3 Bxf3 42. Kf2 Bxg2 0-1

[Event "*** Titled Tuesday Blitz"]
[Site "Chess.com"]
[Date "2018.12.04"]
[Round "2"]
[White "GukeshDommaraju"]
[Black "Zarikovs1999"]
[Result "1-0"]
[WhiteElo "2695"]
[BlackElo "2347"]
[TimeControl "180+2"]
[EndTime "13:22:52 PST"]
[Termination "GukeshDommaraju won by resignation"]

1. Nf3 Nf6 2. d4 e6 3. Bf4 d5 4. e3 Bd6 5. Bg3 c5 6. Bb5+ Nc6 7. O-O O-O 8. Bxc6 bxc6 9. c3 Ne4 10. Bxd6 Qxd6 11.
Nbd2 Ba6 12. Re1 Nxd2 13. Nxd2 cxd4 14. cxd4 e5 15. Nb3 Bc4 16. Nc5 exd4 17. Qxd4 Rab8 18. b3 Rb5 19. Ne4 Qe6 20. bxc4 Rb4 21. Nc5 Qe7 22.
Rac1 Rd8 23. Nd3 dxc4 24. Nxb4 Rxd4 25. Nxc6 Qd7 26. Nxd4 Qc7 27. Rc2 g6 28. Rec1 Qa5 29. g3 Kg7 30. Rxc4 Qxa2 31. Rc7 a5 32. Ra7 a4 33. Rcc7 a3 34. Rxf7+ Kh6 35. Nf3 Kh5 36. Rf4 g5 37. Rfa4 g4 38. R7a5+ Kg6 39. Rxg4+ Kf6 40.
Rga4 Qb1+ 41. Kg2 a2 42. Rxa2 h5 43. Ra6+ Kf7 44. R2a5 h4 45. Nxh4 Qe4+ 46. Nf3 Ke7 47. Re5+ Qxe5 48. Nxe5 1-0

[Event "*** Titled Tuesday Blitz"]
[Site "Chess.com"]
[Date "2018.12.04"]
[Round "2"]
[White "AryanTari"]
[Black "ckgchess"]
[Result "1-0"]
[WhiteElo "2797"]
[BlackElo "2585"]
[TimeControl "180+2"]
[EndTime "13:22:56 PST"]
[Termination "AryanTari won by resignation"]

1. e4 c5 2. Nf3 d6 3. Bb5+ Nd7 4.
a4 a6 5. Bxd7+ Bxd7 6. a5 Nf6 7. Nc3 e5 8. d3 Be7 9. Nd2 Be6 10. Nc4 Nd7 11.
Ne3 O-O 12. h4 Rc8 13. Qf3 Nb8 14. Ncd5 Nc6 15. c3 Re8 16. g4 Nxa5 17. g5 Nb3 18. Rb1 b5 19. Rg1 Kh8 20. Nf5 Bxd5 21. exd5 c4 22.
dxc4 bxc4 23. Be3 e4 24. Qg4 Bf8 25. h5 Nc5 26. Bd4 Nd3+ 27. Kf1 Ne5 28. Qxe4 Qa5 29. h6 g6 30. Ne3 Kg8 31. Bxe5 Rxe5 32. Qf3 Be7 33. Qg4 Qa2 34. Qxc8+ Bf8 35. Re1 Qxb2 36. Re2 Qxc3 37. Ng4 Qc1+ 38. Kg2 Qxg5 39. Rxe5 dxe5 40. Rb1 f5 41. Qe6+ Kh8 42. Qxe5+ Kg8 43.
Qe6+ Kh8 44. Qf6+ Qxf6 45. Nxf6 Bxh6 46. d6 Bg5 47. Nd5 c3 48. Nxc3 Kg7 49. Nd5 Kf7 50. f4 Bh4 51. Kh3 Bd8 52. Rb8 Ba5 53. d7 1-0

[Event "*** Titled Tuesday Blitz"]
[Site "Chess.com"]
[Date "2018.12.04"]
[Round "2"]
[White "kleinebeer98"]
[Black "Rashad_Zeynalli"]
[Result "1-0"]
[WhiteElo "2685"]
[BlackElo "2341"]
[TimeControl "180+2"]
[EndTime "13:22:56 PST"]
[Termination "kleinebeer98 won by resignation"]

1. e4 e5 2. Nf3 Nf6 3. Nc3 Nc6 4. a3 d5 5. Bb5 dxe4 6. Nxe5 Bd7 7. Nxd7 Qxd7 8. O-O O-O-O 9. Re1 Re8 10. d3 Bc5 11.
Be3 Bxe3 12. Rxe3 exd3 13. Rxd3 Qe6 14. h3 Rd8 15. Qf1 Nd4 16. Ba4 Qf5 17. Rad1 Ne6 18.
Bb3 Nf4 19. Rf3 Qg5 20. Rxd8+ Rxd8 21. Bxf7 Rd2 22. g3 N6h5 23. Bxh5 Nxh5 24. Qc4 Nf6 25. Ne4 Rd1+ 26. Kg2 Qc1 27. Rd3 Rxd3 28. Qxd3 Qxb2 29.
Nxf6 gxf6 30. Qf5+ Kd8 31. Qxh7 Qxa3 32. Qh8+ Ke7 33.
Qg7+ Ke6 34. Qxc7 Qb4 35. h4 a5 36. h5 a4 37. h6 a3 38. Qc8+ Kf7 39. Qd7+ Kg6 40.
Qg7+ Kf5 41. h7 a2 42. h8=Q Qe4+ 43. Kh2 a1=Q 44. Qhh7+ Ke5 45. Qe7+ 1-0

[Event "*** Titled Tuesday Blitz"]
[Site "Chess.com"]
[Date "2018.12.04"]
[Round "2"]
[White "jocmil"]
[Black "MatyChess1"]
[Result "1-0"]
[WhiteElo "2489"]
[BlackElo "2533"]
[TimeControl "180+2"]
[EndTime "13:22:59 PST"]
[Termination "jocmil won by resignation"]

1. e4 c5 2. Nc3 Nc6 3. Bb5 Nd4 4. Nge2 e6 5. O-O Ne7 6. Nxd4 cxd4 7. Ne2 Nc6 8. d3 Bc5 9. a3 O-O 10. f4 f5 11. Ng3 Ne7 12. Bc4 a6 13. Bd2 b5 14.
Bb3 Bb7 15. Qe2 Qe8 16. Rae1 Qg6 17. Kh1 Rf7 18. c3 Raf8 19. e5 Qh6 20. Qh5 Ng6 21. Qxh6 gxh6 22. cxd4 Bxd4 23. Bc3 Bxc3 24. bxc3 Nh4 25.
Rf2 Rc8 26. c4 Rff8 27. Kg1 Rc7 28. Nh5 Rfc8 29. Nf6+ Kg7 30. Re3 Nxg2 31. Rxg2+ Bxg2 32. Kxg2 bxc4 33. Bxc4 Rb8 34. Rg3+ Kf7 35. Nxh7 Rb2+ 36.
Kh3 Rf2 37. Kh4 Rxf4+ 38. Kh5 Rf2 39. h3 Rc5 40. Kxh6 Rxe5 41. Rg7+ Ke8 42. Nf6+ Kd8 43.
Rxd7+ Kc8 44. Bxa6+ Kb8 45. Rb7+ Ka8 46. Nd7 Rb5 47.
Rxb5 1-0

[Event "*** Titled Tuesday Blitz"]
[Site "Chess.com"]
[Date "2018.12.04"]
[Round "2"]
[White "Fighterman91"]
[Black "OparinGrigoriy"]
[Result "0-1"]
[WhiteElo "2614"]
[BlackElo "2954"]
[TimeControl "180+2"]
[EndTime "13:23:00 PST"]
[Termination "OparinGrigoriy won by resignation"]

1. d4 Nf6 2. Bf4 c5 3. d5 d6 4. Nc3 e5 5. dxe6 Bxe6 6. e4 Nc6 7. Nf3 d5 8. exd5 Nxd5 9. Nxd5 Qxd5 10. Qxd5 Bxd5 11. O-O-O O-O-O 12. Be2 Be7 13. Rhe1 Bf6 14. a3 h6 15. Ne5 Nxe5 16. Bxe5 Bxe5 17. Bg4+ Kb8 18. Rxe5 Bxg2 19. Rxd8+ Rxd8 20. Rxc5 g6 21. Re5 Bc6 22. Re7 f5 23. Be2 Rd4 24. Re6 Rh4 25.
Rxg6 Rxh2 26. Kd2 Rxf2 27. Ke3 Rh2 28. Bd3 Be4 29. b4 Rh3+ 30. Kd4 Bxd3 31. cxd3 f4 32. Rf6 f3 33. Ke3 f2+ 34. Ke2 Rh2 35. Rf7 a6 36.
Kf1 h5 37. Rh7 Ka7 38. Rh6 Rh3 39. Kxf2 Rxd3 40. Rxh5 Rxa3 41. b5 a5 42. Rh6 Rb3 43. Ke2 Rxb5 44. Kd2 b6 45. Kc3 Ka6 46. Rh8 Rb4 47.
Rh5 Rb5 48. Rh8 Rc5+ 49. Kb3 Kb5 50. Rh4 Rg5 51. Rh3 a4+ 52. Ka3 Ka5 53. Rg3 Rxg3+ 0-1

[Event "*** Titled Tuesday Blitz"]
[Site "Chess.com"]
[Date "2018.12.04"]
[Round "2"]
[White "Wolverine_master"]
[Black "silverback96"]
[Result "0-1"]
[WhiteElo "2108"]
[BlackElo "2126"]
[TimeControl "180+2"]
[EndTime "13:23:10 PST"]
[Termination "silverback96 won by checkmate"]

1. Nf3 c5 2. g3 Nc6 3. c4 e5 4. Nc3 g6 5. Bg2 Bg7 6. O-O Nge7 7. a3 O-O 8. Rb1 a5 9. d3 d6 10. Ne1 Be6 11. Nc2 d5 12. cxd5 Nxd5 13. Nxd5 Bxd5 14. Be3 b6 15. b4 cxb4 16. axb4 a4 17. Na3 Bxg2 18. Kxg2 Qd5+ 19. Kg1 b5 20. Qc2 Rfc8 21.
Qc5 Qxc5 22. Bxc5 Rab8 23. Rfc1 Rb7 24. Rc2 Nd4 25. Bxd4 Rxc2 26. Nxc2 exd4 27. Na3 Bf8 28. Kf1 f5 29. Ke1 Kf7 30. Nc2 Bg7 31. Na3 Bf8 32. Nc2 Rd7 33. Na3 Rd5 34. Kd2 Ke6 35. Kc1 Kd7 36. Nc2 Bg7 37. Kb2 Re5 38. Nxd4 Rxe2+ 39. Kc3 Bxd4+ 40. Kxd4 Rxf2 41. Kc5 a3 42. Kxb5 a2 43.
Ra1 Rxh2 44. d4 g5 45. Kc5 f4 46. gxf4 gxf4 47. b5 Rc2+ 48. Kd5 f3 49. Ke4 f2 50.
Ke3 Rb2 51. d5 h5 52. b6 Rb1 53. Rxa2 f1=Q 54. Ra7+ Kd6 55. b7 Rb3+ 56. Kd4 Qd3# 0-1

[Event "*** Titled Tuesday Blitz"]
[Site "Chess.com"]
[Date "2018.12.04"]
[Round "2"]
[White "Yeytruyol"]
[Black "BasilSmash"]
[Result "1-0"]
[WhiteElo "2458"]
[BlackElo "2390"]
[TimeControl "180+2"]
[EndTime "13:23:10 PST"]
[Termination "Yeytruyol won by resignation"]

1. e4 c6 2. d4 d5 3. exd5 cxd5 4. Bd3 Nc6 5. c3 Qc7 6. Na3 a6 7. Nc2 Nf6 8. Ne2 Bg4 9. f3 Bd7 10. Bf4 e5 11. dxe5 Nxe5 12. Bxe5 Qxe5 13. Qd2 Bc5 14.
O-O-O O-O 15. Ned4 Rac8 16. Kb1 b5 17. g4 Rb8 18. a3 a5 19. Rde1 Qd6 20. g5 Nh5 21. Nb3 Bb6 22. Be4 Be6 23. Rd1 Rfd8 24. Rhe1 Qf4 25.
Bd3 Qxd2 26. Rxd2 Bc7 27. Nc5 Nf4 28. Na6 Rbc8 29. Nxc7 Nxd3 30. Nxe6 Nxe1 31. Nxd8 Nxc2 32. Rxd5 Ne3 33. Rd7 Nc4 34. Nxf7 Rf8 35. Nd6 Rxf3 36. Rd8+ Rf8 37. Rxf8+ Kxf8 38. Nxb5 Kf7 39. Kc2 Kg6 40.
Kb3 Nb6 41. c4 Kxg5 42. c5 Nc8 43. Kc4 Kf6 44. Nd6 Nxd6+ 45. cxd6 Ke6 46. Kc5 Kd7 47. b4 axb4 48. axb4 g5 49. b5 g4 50. b6 h5 51.
b7 1-0

[Event "*** Titled Tuesday Blitz"]
[Site "Chess.com"]
[Date "2018.12.04"]
[Round "2"]
[White "SantoBlue"]
[Black "bubacik"]
[Result "1-0"]
[WhiteElo "2712"]
[BlackElo "2660"]
[TimeControl "180+2"]
[EndTime "13:23:13 PST"]
[Termination "SantoBlue won by resignation"]

1. Nf3 Nf6 2. g3 d5 3. Bg2 c6 4. O-O Bg4 5. d3 e6 6. c4 Nbd7 7. Qb3 Qb6 8. Qc2 Bd6 9. Nc3 O-O 10. e4 dxe4 11. dxe4 Bxf3 12. Bxf3 Ne5 13. Be2 Rfd8 14. Be3 Qc7 15. c5 Be7 16. h3 Ned7 17. Na4 e5 18. h4 Nf8 19. Bc4 b5 20. cxb6 axb6 21. Bxb6 Qd7 22. Bxd8 Bxd8 23. Rfd1 Qg4 24. Nc3 Bb6 25. Kg2 Ng6 26. Bxf7+ Kxf7 27. Qb3+ Kf8 28. Qxb6 Nf4+ 29. Kg1 Nh3+ 30. Kf1 Nh5 31. Qc5+ Kg8 32. Ke1 Rf8 33. Qc4+ Kh8 34. Qe2 Qg6 35. Rd7 Nxf2 36. Qxf2 Qe8 37. Qc5 Nxg3 38. Qe7 Qb8 39. Rb7 Rf1+ 40.
Kd2 Nxe4+ 41. Nxe4 1-0

[Event "*** Titled Tuesday Blitz"]
[Site "Chess.com"]
[Date "2018.12.04"]
[Round "2"]
[White "artichaud"]
[Black "DawidCzerw"]
[Result "0-1"]
[WhiteElo "2128"]
[BlackElo "2239"]
[TimeControl "180+2"]
[EndTime "13:23:13 PST"]
[Termination "DawidCzerw won by resignation"]

1. d4 e6 2. Nf3 f5 3. Bf4 Nf6 4. e3 Be7 5. h3 O-O 6. Be2 d6 7.
c4 Qe8 8. O-O Bd8 9. Nc3 Nbd7 10. Rc1 e5 11. Bh2 e4 12. Nd2 Qg6 13. c5 d5 14. f3 c6 15. Bd6 Rf7 16. f4 Qh6 17. b4 Ne8 18. Be5 Nxe5 19. dxe5 Nc7 20. Nb3 Ne6 21. Nd4 g5 22. Qd2 gxf4 23. exf4 Bh4 24. b5 Bg3 25. Nxe6 Bxe6 26. bxc6 bxc6 27. Ba6 Rd8 28. Ne2 Rg7 29. Rc3 Bh4 30. Nd4 Bd7 31. Rb3 Be7 32. Rc1 Qg6 33. Kh1 Bh4 34. Bf1 Bg3 35. Qe3 Qh6 36. Rb7 Bxf4 37. Rxd7 Rdxd7 38.
Nxf5 Bxe3 39. Nxh6+ Bxh6 40. Rb1 Rb7 41. Rd1 Rge7 42.
Ba6 Rb2 43. e6 Kg7 44. Bc8 Kf6 45. Bd7 Ke5 46. Bxc6 d4 47. Bd7 e3 48. c6 Rd2 49.
Rb1 e2 50. c7 Rd1+ 51. Rxd1 exd1=Q+ 52. Kh2 Bf4+ 0-1

[Event "*** Titled Tuesday Blitz"]
[Site "Chess.com"]
[Date "2018.12.04"]
[Round "2"]
[White "eldur16"]
[Black "Micki-taryan"]
[Result "1-0"]
[WhiteElo "2637"]
[BlackElo "2897"]
[TimeControl "180+2"]
[EndTime "13:23:16 PST"]
[Termination "eldur16 won by resignation"]

1. e4 c5 2. Ne2 Nf6 3. e5 Nd5 4. d4 cxd4 5. Qxd4 Nc7 6. Nbc3 Nc6 7. Qe4 g6 8. Be3 Bg7 9. f4 d5 10. exd6 Qxd6 11. Rd1 Qb4 12. Qxb4 Nxb4 13. Rd2 Bf5 14. Nd4 Bxd4 15. Bxd4 O-O 16. Be5 Ne6 17. Bc4 Nxc2+ 18.
Kf2 Nb4 19. h3 Nc5 20. Ke3 Be6 21. Bxe6 Nxe6 22. Ne4 Rac8 23. a3 Nc6 24. Bc3 Rfd8 25. g4 Rxd2 26. Nxd2 Nc7 27. Ke4 Rd8 28. Nf3 Nd5 29.
Rc1 a6 30. Be1 Nf6+ 31. Ke3 Nd5+ 32. Ke4 f6 33. f5 Kf7 34. Bf2 Nc7 35. Bb6 Rd7 36.
Bxc7 Rxc7 37. Nd4 Rc8 38. Ne6 Na7 39. Rxc8 Nxc8 40. Nd8+ Ke8 41. Nxb7 gxf5+ 42. gxf5 h5 43. b4 Kf7 44. Nc5 Nd6+ 45. Kf4 Nc4 46. a4 a5 47.
b5 Nb6 48. Ke4 Ke8 49. Kd4 Kd8 50. Nb7+ Kc7 51. Nxa5 Nxa4 52. Nc4 Kd7 53. h4 e6 54. b6 exf5 55. Ke3 Nc5 56. Kf4 Ke6 57. Na5 Nd3+ 58. Ke3 Ne5 59. b7 Nd7 60. Nc6 Kd6 61.
b8=Q+ Nxb8 62. Nxb8 Ke5 63. Nd7+ Kd6 64. Nxf6 Ke5 65. Nxh5 f4+ 66. Nxf4 Kf5 67. Kf3 1-0